 Seeded DCSS version 0.31-a0-219-g8d62b2e7bb (webtiles) character file.

Game seed: 18346887137507914922 (custom seed)

62 innerfire43 the Trooper (level 3, 0/30 HPs)
             Began as a Demonspawn Monk on July 3, 2023.
             Was a Believer of Okawaru.
             Slain by a black bear (6 damage)
             ... on level 3 of the Dungeon.
             The game lasted 00:02:07 (1863 turns).

innerfire43 the Trooper (Demonspawn Monk)           Turns: 1863, Time: 00:02:08

Health: 0/30       AC: 13    Str: 16    XL:     3   Next: 85%
Magic:  3/3        EV: 12    Int: 11    God:    Okawaru [**....]
Gold:   56         SH:  4    Dex: 15    Spells: 2/2 levels left

rFire   . . .        a - +0 hand axe
rCold   + . .        d - orb {light}
rNeg    + . .        k - +2 ring mail "Naukank" {rC+}
rPois   .            (no helmet)
rElec   .            n - +0 cloak "Dobuujaacw" {rN+ Str+3}
rCorr   .            r - +0 pair of gloves
SInv    .            (no boots)
Will    .....        (no amulet)
Stlth   +            (no ring)
HPRegen 0.25/turn    (no ring)
MPRegen 0.08/turn

%: no passive effects
@: glowing
A: icemail 1, condensation shield
a: Renounce Religion, Heroism


You were on level 3 of the Dungeon.
You worshipped Okawaru.
Okawaru was pleased with you.
You visited 1 branch of the dungeon, and saw 3 of its levels.

You collected 56 gold pieces.

Inventory:

Hand Weapons
 a - a +0 hand axe (weapon)
Armour
 b - a +0 robe
 d - an orb of light (worn)
 h - a +0 cloak
 k - the +2 ring mail "Naukank" (worn) {rC+}
   (You found it on level 2 of the Dungeon)

   rC:        It protects you from cold.
 n - the +0 cloak "Dobuujaacw" (worn) {rN+ Str+3}
   (You acquired it on level 2 of the Dungeon)

   Str:       It affects your strength (+3).
   rN:        It protects you from negative energy.
 r - a +0 pair of gloves (worn)
Jewellery
 i - a ring of positive energy
Scrolls
 e - a scroll of torment {unknown}
 m - a scroll of teleportation {unknown}
 o - a scroll of fog {unknown}
 q - a scroll of identify {unknown}
Potions
 c - a potion of ambrosia
 f - a potion of resistance {unknown}
 g - a potion of heal wounds {unknown}
 j - a potion of cancellation {unknown}
 l - 3 potions of curing {unknown}
 p - 2 potions of haste {unknown}
 s - a potion of might {unknown}
 t - a potion of brilliance {unknown}
 u - a potion of lignification {unknown}


   Skills:
 + Level 3.7 Fighting
 * Level 3.3 Axes
 + Level 3.3 Dodging


You had 2 spell levels left.
You didn't know any spells.
Your spell library contained the following spells:

 Spells                   Type           Power      Damage    Failure   Level
 Borgnjor's Revivificati  Necr           0%         N/A       100%        8
 Necromutation            Tmut/Necr      0%         N/A       100%        8
 Death's Door             Necr           0%         N/A       100%        9


Dungeon Overview and Level Annotations

Branches:
Dungeon (3/15)

Altars:
Okawaru


Innate Abilities, Weirdness & Mutations

A meltable icy envelope protects you from harm. (AC +4)
A meltable shield of frost defends you. (SH +4)


Message History

You hit the black bear but do no damage.
The black bear is severely wounded.
The black bear bites you! You block the black bear's attack.
The black bear closely misses you.
You are too injured to fight recklessly!
You are too injured to fight recklessly!
You hit the black bear.
The black bear is severely wounded.
The black bear goes berserk!
You hit the black bear.
The black bear is almost dead.
You block the black bear's attack.
The black bear claws you but does no damage. x2
The black bear closely misses you. x2
The black bear claws you but does no damage.
You hit the black bear.
The black bear is almost dead.
The black bear misses you. The black bear closely misses you.
The black bear claws you but does no damage.
The black bear bites you!
* * * LOW HITPOINT WARNING * * *
The black bear claws you but does no damage.
The black bear barely misses you.
You completely miss the black bear.
The black bear is almost dead.
You block the black bear's attack. The black bear closely misses you.
The black bear barely misses you.
Unknown command.
You hit the black bear but do no damage.
The black bear is almost dead.
The black bear bites you but does no damage.
The black bear claws you.
* * * LOW HITPOINT WARNING * * *
The black bear misses you. The black bear closely misses you.
The black bear barely misses you.
The black bear claws you but does no damage.
You hit the black bear.
The black bear is almost dead.
The black bear bites you.
You die...

#.......# #.#.###.#
#.#.###.## .
####........# ...
#...........#
#.#.#..#.#.#.#..#
.................#
#..##.#.#.#.#.#....
# #.#..@.......###
# #.#h#.#.#..#
#...........##
##..#.#.#.#.#
##.........#
####....### ....#
.....


You could see a black bear (berserk).

Vanquished Creatures
  2 adders (D:2)
  2 dart slugs
  3 bats
  3 endoplasms
  A giant cockroach (D:2)
  3 goblins
  A hobgoblin (D:2)
  6 jackals
  4 kobolds
  2 quokkas (D:1)
  4 ball pythons
  2 frilled lizards
  6 rats
39 creatures vanquished.

Notes
Turn   | Place    | Note
-------+----------+-------------------------------------------
     0 | D:1      | innerfire43 the Demonspawn Monk began the quest for the
                  | Orb.
     0 | D:1      | Reached XP level 1. HP: 18/18 MP: 1/1
   150 | D:1      | Gained mutation: A meltable shield of frost defends you.
                  | (SH +4) [demonic ancestry]
   150 | D:1      | Reached XP level 2. HP: 24/24 MP: 2/2
   942 | D:2      | Gained mutation: A meltable icy envelope protects you from
                  | harm. (AC +4) [demonic ancestry]
   942 | D:2      | Reached XP level 3. HP: 25/29 MP: 3/3
   974 | D:2      | Identified the +2 ring mail "Naukank" {rC+}
  1607 | D:2      | Found a faded altar of an unknown god.
  1621 | D:2      | Prayed at the altar of an unknown god.
  1621 | D:2      | Became a worshipper of Warmaster Okawaru
  1621 | D:2      | Reached * piety under Okawaru
  1621 | D:2      | Reached ** piety under Okawaru
  1763 | D:2      | Identified a scroll of acquirement
  1763 | D:2      | Acquired the +0 cloak "Dobuujaacw" {rN+ Str+3}
  1845 | D:3      | Noticed a black bear
  1863 | D:3      | Slain by a black bear

Illustrated notes

Levels and vault maps discovered:
D:1:      heliophobic_arrival_ceremonial_halls, layout_basic
D:2:      layout_basic, shapermc_ecumenical_altar_mp_highgroup,
          grunt_ministairs_10, minivault_5, chequers_decorated_corner
D:3:      layout_loops_corners, serial_glass, glass_columns_a, glass_columns_c,
          glass_columns_c, glass_columns_b, gammafunk_ghost_necromancy,
          dk_vineyard_1, kennysheep_cross_room, grunt_decor_clamped

Skill      XL: |  1  2 |
---------------+-------+-----
Axes           | 3 |  3.3
Dodging        | 3 |  3.3
Fighting       | |  3.7

Action                     || total
---------------------------++-------
  Melee: Hand axe          ||   105
    Use: Scroll            ||     1
 Armour: Robe              ||    13
         Ring mail         ||    29
         Skin              ||     7
  Dodge: Dodged            ||    90
  Block: Orb               ||    25

Table legend: (Time is in decaauts)
 A = Elapsed time spent in this place.
 B = Non-inter-level travel time spent in this place.
 C = Inter-level travel time spent in this place.
 D = Time resting spent in this place.
 E = Time spent auto-exploring this place.
 F = Levels seen in this place.
 G = Mean time per level.
                   A        B        C        D        E       F      G
               +--------+--------+--------+--------+--------+-----+--------+
         Total |   1878 |   1749 |    129 |      0 |   1474 |   3 |  626.0 |
       Dungeon |   1878 |   1749 |    129 |      0 |   1474 |   3 |  626.0 |
               +--------+--------+--------+--------+--------+-----+--------+

Top non-repeatable levels by time:
     D:1: 923 daAuts
     D:2: 876 daAuts
     D:3: 77 daAuts
